AoeStats
← Bandolero

Lombardia

509951727Analyzed
4v4 RM · 2d ago on Sep 28, 2026· 58m 24s· 8 players
Game mode
Random Map
Map size
Large (8 player)
Population
200
Speed
Normal
Resources
Standard
Victory
Conquest
Starting age
Dark Age
Ending age
Imperial Age
RankedLock teamsTeams togetherTeam positionsShared explorationLock speedFull tech treeHidden civsTurbo modeCheats
Victory
Defeat
🇦🇷 Magyars · Argentina
1782
+9
🇦🇷 Hindustanis · Argentina
1692
+13
🇦🇷 Britons · Argentina
1638
+15
🇦🇷 Maya · Argentina
1599
+16
🇬🇧 Italians · United Kingdom
1661
-15
🇨🇳 Franks · China
1615
-13
🇨🇦 Varangians · Canada
1600
-13
🇬🇧 Danes · United Kingdom
1587
-12
Long-Long-Way
7:04 Loom
9:42 Feudal Age
10:42 Double-Bit Axe
18:33 Castle Age
17:15 Scale Barding Armor
19:46 Chain Barding Armor
19:39 Bow Saw
23:25 Husbandry
26:13 Wheelbarrow
35:00 Town Watch
35:07 Gold Mining
40:04 Imperial Age
38:08 Fletching
38:29 Forging
38:41 Hand Cart
40:08 Cavalier
41:24 Plate Barding Armor
41:10 Conscription
42:14 Paladin
43:31 Iron Casting
44:29 Gold Shaft Mining
46:22 Caravan
54:30 Coinage
55:16 Blast Furnace
ノルフ
6:48 Loom
9:20 Feudal Age
9:50 Horse Collar
9:56 Double-Bit Axe
17:48 Castle Age
16:35 Scale Barding Armor
20:43 Wheelbarrow
21:18 Heavy Plow
21:37 Bow Saw
22:29 Forging
24:56 Bloodlines
26:28 Scale Mail Armor
26:52 Scale Mail Armor
27:27 Chain Barding Armor
30:09 Iron Casting
35:24 Husbandry
43:37 Imperial Age
42:38 Gold Mining
42:39 Stone Mining
42:51 Town Watch
43:31 Vendel Legacy
44:55 Plate Barding Armor
45:21 Blast Furnace
43:50 Cavalier
46:52 Conscription
48:19 Two-Man Saw
48:08 Light Cavalry
Not the letter N
9:36 Feudal Age
10:10 Double-Bit Axe
10:33 Horse Collar
14:58 Loom
16:20 Wheelbarrow
20:05 Scale Barding Armor
20:14 Forging
22:13 Castle Age
20:19 Stone Mining
22:52 Scale Mail Armor
45:17 Town Watch
52:25 Stone Shaft Mining
55:09 Hand Cart
TheJenonator
6:57 Loom
8:59 Feudal Age
10:02 Double-Bit Axe
9:59 Horse Collar
18:07 Castle Age
20:40 Bow Saw
24:56 Fletching
25:44 Bodkin Arrow
27:34 Padded Archer Armor
28:32 Wheelbarrow
28:27 Ballistics
28:36 Leather Archer Armor
30:10 Heavy Plow
30:56 Hand Cart
34:33 Imperial Age
32:55 Scale Barding Armor
32:51 Scale Mail Armor
33:09 Forging
34:36 Chain Barding Armor
35:12 Iron Casting
34:44 Thumb Ring
35:41 Conscription
36:26 Chemistry
35:27 Bracer
36:07 Ring Archer Armor
36:12 Plate Barding Armor
36:03 Bloodlines
35:53 Husbandry
35:14 Light Cavalry
37:04 Two-Man Saw
36:37 Crop Rotation
37:49 Blast Furnace
37:02 Hussar
43:17 Guard Tower
43:25 Murder Holes
48:40 Silk Road
48:23 Caravan
48:34 Guilds
49:13 Elite Genoese Crossbowman
Bandolero
0:29 Loom
9:24 Feudal Age
9:56 Double-Bit Axe
12:10 Fletching
15:45 Padded Archer Armor
23:23 Castle Age
22:21 Gold Mining
23:27 Crossbowman
24:33 Bodkin Arrow
25:26 Bow Saw
27:04 Wheelbarrow
26:14 Town Watch
27:33 Leather Archer Armor
31:35 Ballistics
32:24 Thumb Ring
32:31 Stone Mining
33:12 Hand Cart
40:20 Imperial Age
40:17 Arbalester
41:02 Bracer
41:32 Ring Archer Armor
43:48 Chemistry
44:38 Conscription
47:59 Capped Ram
49:35 Siege Ram
52:18 Two-Man Saw
59:18 Holcans
58:09 Elite Plumed Archer
~BroKen~
6:34 Loom
9:03 Feudal Age
10:06 Double-Bit Axe
11:48 Horse Collar
14:23 Forging
16:31 Scale Barding Armor
17:18 Wheelbarrow
22:19 Castle Age
20:14 Gold Mining
21:20 Bloodlines
22:29 Light Cavalry
23:54 Iron Casting
25:30 Husbandry
30:50 Bow Saw
31:35 Chain Barding Armor
35:25 Hand Cart
34:56 Town Watch
42:16 Heavy Plow
46:13 Imperial Age
46:18 Heavy Camel Rider
47:35 Plate Barding Armor
48:05 Blast Furnace
48:38 Imperial Camel Rider
52:22 Siege Elephant
54:33 Town Patrol
57:46 Hussar
La Serpiente Emplumada
10:02 Feudal Age
14:46 Castle Age
13:21 Double-Bit Axe
14:59 Horse Collar
15:17 Gold Mining
15:34 Loom
17:08 Town Watch
20:43 Scale Barding Armor
22:09 Wheelbarrow
21:57 Bow Saw
22:43 Husbandry
25:52 Chain Barding Armor
27:15 Hand Cart
32:44 Imperial Age
30:38 Stone Mining
31:11 Corvinian Army
33:47 Conscription
34:24 Plate Barding Armor
36:04 Heavy Plow
36:08 Elite Magyar Huszar
50:55 Two-Man Saw
51:51 Crop Rotation
Gauchito
7:11 Loom
9:37 Feudal Age
10:19 Double-Bit Axe
12:22 Wheelbarrow
20:38 Castle Age
19:10 Fletching
19:44 Horse Collar
20:04 Gold Mining
20:47 Crossbowman
21:25 Bodkin Arrow
23:49 Bow Saw
30:37 Hand Cart
36:18 Imperial Age
35:11 Padded Archer Armor
37:08 Ballistics
37:38 Bracer
38:38 Gold Shaft Mining
38:00 Arbalester
38:57 Leather Archer Armor
40:05 Chemistry
39:15 Masonry
41:41 Conscription
41:24 Pikeman
42:08 Squires
42:55 Ring Archer Armor
44:04 Architecture
43:54 Scale Mail Armor
44:05 Forging
43:31 Halberdier
51:06 Chain Mail Armor
51:27 Iron Casting
51:24 Stone Mining
57:19 Town Watch
Connection lost

Rejoining the realm…

Still unreachable

The connection could not be restored.

Session expired

The server has moved on; the page needs a fresh start.